 Dungeon Crawl Stone Soup version 0.28-a0-194-g42b4daccc1 (webtiles) character file.

Game seed: 6550440921699580508

791544 udvgu the Metallomancer (level 27, -5/198 HPs)
             Began as a Gargoyle Earth Elementalist on Aug 17, 2021.
             Was the Champion of Vehumet.
             Killed by divine providence
             ... invoked by a royal mummy
              (13 damage)
             ... on level 27 of a ziggurat on Aug 18, 2021.
             The game lasted 04:06:51 (72464 turns).

udvgu the Metallomancer (GrEE)                     Turns: 72464, Time: 04:06:51

Health: -5/198     AC: 48    Str: 16      XL:     27
Magic:  47/47      EV: 26    Int: 32      God:    Vehumet [******]
Gold:   8594       SH:  7    Dex: 13 (16) Spells: 2/67 levels left

rFire   . . .      SeeInvis +   x - +7 morningstar of Waoptaps {vorpal, rElec Str-3 Dex+3}
rCold   . . .      Faith    .   h - +2 buckler "Jatut" {Regen+}
rNeg    + + +      Spirit   .   s - +4 faerie dragon scales {rN+ rCorr}
rPois   ∞          Reflect  .   D - +2 helmet {Int+3}
rElec   +          Harm     .   o - +2 cloak {Will+}
rCorr   +          Rampage  .   w - +2 pair of gloves {Dex+3}
Will    ++++.                   N - +0 pair of boots of Parts Unknown {rN+ Str+2 Stlth+}
Stlth   ++++......              a - amulet of regeneration
HPRegen 2.43/turn               c - ring "Woyront" {AC+4 Int+5 SInv}
MPRegen 0.30/turn               p - ring of the Hare {EV+8}

@: flying, slowed, studying 4 skills, very slow
A: sickness immunity, AC +20, big wings, negative energy resistance 1,
electricity resistance, torment resistance 1, petrification resistance,
camouflage 1, see invisible, strong-willed 1, robust 1, screaming 2, shaggy fur
1
}: 3/15 runes: serpentine, barnacled, silver
a: Renounce Religion


You were on level 27 of a ziggurat.
You worshipped Vehumet.
Vehumet was exalted by your worship.
You visited 10 branches of the dungeon, and saw 48 of its levels.
You visited 1 bazaar.
You visited 1 ziggurat, and saw 27 of its levels.
You also visited: Trove, Ice Cave and Volcano.

You collected 10820 gold pieces.
You spent 2226 gold pieces at shops.

Inventory:

Hand Weapons
 l - a +9 whip of electrocution
 x - the +7 morningstar of Waoptaps (weapon) {vorpal, rElec Str-3 Dex+3}
   (You found it on level 20 of a ziggurat)

   It inflicts extra damage upon your enemies.
   Str:       It affects your strength (-3).
   Dex:       It affects your dexterity (+3).
   rElec:     It insulates you from electricity.
 Y - a +6 spectral demon whip
Missiles
 m - 10 throwing nets
Armour
 h - the +2 buckler "Jatut" (worn) {Regen+}
   (You found it in a treasure trove)

   Regen:     It increases your rate of health regeneration.
 o - a +2 cloak of willpower (worn)
 r - a +3 leather armour of fire resistance
 s - the +4 faerie dragon scales (worn) {rN+ rCorr}
   (You took it off the Enchantress on level 3 of the Depths)

   rN:        It protects you from negative energy.
   rCorr:     It protects you from acid and corrosion.
 w - a +2 pair of gloves of dexterity (worn)
 D - a +2 helmet of intelligence (worn)
 N - the +0 pair of boots of Parts Unknown (worn) {rN+ Str+2 Stlth+}
   (You found it on level 26 of a ziggurat)

   Str:       It affects your strength (+2).
   rN:        It protects you from negative energy.
   Stlth:     It makes you more stealthy.
Jewellery
 a - an amulet of regeneration (around neck)
 c - the ring "Woyront" (left hand) {AC+4 Int+5 SInv}
   (You took it off a deep elf death mage on level 5 of the Vaults)

   [ring of protection]

   AC:        It affects your AC (+4).
   Int:       It affects your intelligence (+5).
   SInv:      It lets you see invisible.
 p - the ring of the Hare (right hand) {EV+8}
   (You found it on level 2 of the Depths)

   [ring of evasion]

   EV:        It affects your evasion (+8).
 y - a ring of protection from fire
 G - the ring of Shadows {Umbra +Inv Stlth+}
   (You found it on level 16 of a ziggurat)

   [ring of stealth]

   It surrounds you with an aura of shadow, increasing your stealth and reducing
   the accuracy of all within it (including the wearer).
   +Inv:      It lets you turn invisible.
   Stlth:     It makes you more stealthy.
 H - the ring "Yrghevonk" {Wiz rN+++ Dex+8 Stlth-}
   (You found it on level 19 of a ziggurat)

   [ring of wizardry]

   It improves your spell success rate.
   Dex:       It affects your dexterity (+8).
   rN:        It renders you almost immune to negative energy.
   Stlth:     It makes you less stealthy.
 L - the ring "Viajebol" {rPois rF+++ MP+9 Str+6 Int-2}
   (You found it on level 21 of a ziggurat)

   [ring of strength]

   Str:       It affects your strength (+6).
   Int:       It affects your intelligence (-2).
   rF:        It renders you almost immune to fire.
   rPois:     It protects you from poison.
   MP:        It affects your magic capacity (+9).
Wands
 b - a wand of acid (47)
 K - a wand of iceblast (126)
 P - a wand of mindburst (27)
Scrolls
 e - 15 scrolls of enchant armour
 f - a scroll of summoning
 g - 48 scrolls of identify
 j - 12 scrolls of amnesia
 q - 4 scrolls of holy word
 v - 9 scrolls of magic mapping
 A - 11 scrolls of enchant weapon
 I - 31 scrolls of teleportation
 M - 11 scrolls of blinking
 R - 11 scrolls of fog
Potions
 d - 14 potions of cancellation
 i - 26 potions of mutation
 k - 24 potions of curing
 n - 7 potions of haste
 t - 5 potions of ambrosia
 u - 3 potions of brilliance
 z - 12 potions of magic
 B - 7 potions of heal wounds
 C - 8 potions of might
 E - 5 potions of resistance
Miscellaneous
 F - a box of beasts
 J - a phantom mirror
 Q - a tin of tremorstones (2/2)
 U - a condenser vane


   Skills:
 + Level 20.5 Fighting
 - Level 16.0 Maces & Flails
 - Level 6.0 Armour
 - Level 15.0 Dodging
 - Level 2.1 Stealth
 - Level 4.0 Shields
 + Level 20.7 Spellcasting
 - Level 20.0 Conjurations
 - Level 22.0 Necromancy
 - Level 10.0 Transmutations
 + Level 21.3 Fire Magic
 - Level 22.0 Earth Magic
 - Level 10.0 Evocations


You had 2 spell levels left.
You knew the following spells:

 Your Spells              Type           Power      Damage    Failure   Level
a - Shatter               Erth           54%        3d41*     4%          9
b - Stone Arrow           Conj/Erth      100%       3d13      0%          3
c - Lee's Rapid Deconstr  Erth           54%        3d26*     0%          5
d - Lehudib's Crystal Sp  Conj/Erth      53%        10d12     1%          8
e - Death's Door          Necr           54%        N/A       16%         9
f - Fire Storm            Conj/Fire      52%        8d13      8%          9
g - Ignition              Fire           53%        3d15      1%          8
h - Irradiate             Conj/Tmut      46%        3d28      1%          5
i - Apportation           Tloc           66%        N/A       1%          1
j - Necromutation         Tmut/Necr      47%        N/A       12%         8

Your spell library contained the following spells:

 Spells                   Type           Power      Damage    Failure   Level
 Chain Lightning          Conj/Air       38%        3d51      99%         9
 Maxwell's Capacitive Co  Air            16%        ∞         100%        8
 Animate Skeleton         Necr           100%       N/A       0%          1
 Foxfire                  Conj/Fire      100%       2x1d9     0%          1
 Magic Dart               Conj           100%       1d8       0%          1
 Sandblast                Erth           100%       2d20      0%          1
 Shock                    Conj/Air       100%       1d9       0%          1
 Passwall                 Tmut/Erth      78%        N/A       0%          2
 Searing Ray              Conj           100%       3d7       0%          2
 Beastly Appendage        Tmut           100%       N/A       1%          1
 Corona                   Hex            36%        N/A       1%          1
 Freeze                   Ice            100%       1d11      1%          1
 Sting                    Tmut/Pois      100%       1d8       1%          1
 Summon Small Mammal      Summ           100%       N/A       1%          1
 Call Imp                 Summ           33%        N/A       1%          2
 Corpse Rot               Necr/Air       N/A        N/A       1%          2
 Ensorcelled Hibernation  Hex/Ice        66%        N/A       1%          2
 Poisonous Vapours        Pois/Air       66%        N/A       1%          2
 Slow                     Hex            33%        N/A       1%          2
 Static Discharge         Conj/Air       77%        N/A       1%          2
 Wereblood                Tmut           77%        N/A       1%          2
 Vampiric Draining        Necr           54%        2d13      0%          3
 Dispel Undead            Necr           100%       3d31      0%          4
 Sticky Flame             Conj/Fire      100%       2d11      0%          4
 Agony                    Necr           100%       N/A       0%          5
 Bolt of Magma            Conj/Fire/Erth 53%        4d21      0%          5
 Borgnjor's Vile Clutch   Necr/Erth      54%        N/A       0%          5
 Excruciating Wounds      Necr           54%        N/A       0%          5
 Fireball                 Conj/Fire      52%        3d20      0%          5
 Iskenderun's Battlesphe  Conj           100%       2d15      0%          5
 Dazzling Flash           Conj/Hex       100%       N/A       1%          3
 Frozen Ramparts          Ice            66%        1d8       1%          3
 Ignite Poison            Fire/Tmut/Pois 79%        N/A       1%          3
 Mephitic Cloud           Conj/Pois/Air  66%        N/A       1%          3
 Spider Form              Tmut/Pois      30%        N/A       1%          3
 Animate Armour           Summ/Erth      100%       N/A       1%          4
 Fulminant Prism          Conj/Hex       38%        3d18      1%          4
 Hailstorm                Conj/Ice       77%        3d16      1%          4
 Ice Form                 Ice/Tmut       60%        N/A       1%          4
 Iskenderun's Mystic Bla  Conj/Tloc      77%        2d15      1%          4
 Leda's Liquefaction      Hex/Erth       40%        N/A       1%          4
 Petrify                  Tmut/Erth      94%        N/A       1%          4
 Blade Hands              Tmut           38%        N/A       1%          5
 Freezing Cloud           Conj/Ice/Air   33%        6-21      1%          5
 Lightning Bolt           Conj/Air       38%        1d57      1%          5
 Yara's Violent Unravell  Hex/Tmut       30%        3d13      1%          5
 Conjure Ball Lightning   Conj/Air       38%        3x3d12    1%          6
 Death Channel            Necr           54%        N/A       1%          6
 Iron Shot                Conj/Erth      53%        9d10      1%          6
 Starburst                Conj/Fire      52%        6d14      1%          6
 Orb of Destruction       Conj           51%        9d16      1%          7
 Borgnjor's Revivificati  Necr           54%        N/A       1%          8
 Simulacrum               Ice/Necr       40%        N/A       2%          6
 Airstrike                Air            16%        N/A       3%          4
 Olgreb's Toxic Radiance  Pois           33%        N/A       3%          4
 Call Canine Familiar     Summ           33%        N/A       4%          3
 Confusing Touch          Hex            33%        N/A       4%          3
 Ozocubu's Armour         Ice            33%        N/A       4%          3
 Portal Projectile        Hex/Tloc       66%        N/A       4%          3
 Summon Guardian Golem    Hex/Summ       33%        N/A       4%          3
 Swiftness                Air            33%        N/A       4%          3
 Teleport Other           Tloc           33%        N/A       4%          3
 Alistair's Intoxication  Tmut/Pois      40%        N/A       4%          5
 Spellforged Servitor     Conj/Summ      38%        N/A       5%          7
 Eringya's Noxious Bog    Tmut/Pois      30%        N/A       7%          6
 Haunt                    Necr/Summ      40%        N/A       12%         7
 Cause Fear               Hex            16%        N/A       13%         4
 Summon Ice Beast         Ice/Summ       33%        N/A       13%         4
 Summon Lightning Spire   Summ/Air       33%        N/A       13%         4
 Dragon Form              Tmut           38%        N/A       19%         7
 Metabolic Englaciation   Hex/Ice        16%        N/A       36%         5
 Silence                  Hex/Air        16%        N/A       36%         5
 Summon Forest            Summ/Tloc      16%        N/A       36%         5
 Summon Mana Viper        Hex/Summ       33%        N/A       36%         5
 Storm Form               Tmut/Air       30%        N/A       82%         7
 Dispersal                Tloc           16%        N/A       90%         6
 Invisibility             Hex            16%        N/A       90%         6
 Shadow Creatures         Summ           N/A        N/A       90%         6
 Ozocubu's Refrigeration  Ice            16%        4d8       93%         7
 Malign Gateway           Summ/Tloc      16%        N/A       100%        7
 Monstrous Menagerie      Summ           16%        N/A       100%        7
 Summon Hydra             Summ           16%        N/A       100%        7
 Disjunction              Tloc           16%        N/A       100%        8
 Summon Horrible Things   Summ           16%        N/A       100%        8
 Dragon's Call            Summ           16%        N/A       100%        9
 Polar Vortex             Ice            16%        N/A       100%        9
 Sublimation of Blood     Necr           Unusable   N/A       N/A         2
 Statue Form              Tmut/Erth      Unusable   N/A       N/A         6

Dungeon Overview and Level Annotations

Branches:
Dungeon (15/15)            Temple (1/1) D:4            Lair (6/6) D:9
 Shoals (4/4) Lair:4        Snake (4/4) Lair:3        Slime (0/5) Lair:5
    Orc (2/2) D:12            Elf (3/3) Orc:2        Vaults (5/5) D:14
  Crypt (3/3) Vaults:2       Tomb (0/3) Crypt:3      Depths (5/5) D:15
    Zot (0/5) Depths:5      IceCv (visited)         Volcano (visited)

Altars:
Ashenzari
Cheibriados
Dithmenos
Elyvilon
Fedhas
Qazlal
Ru
Sif Muna
Trog
Vehumet
Wu Jian
Xom
Yredelemnul
The Shining One
Beogh
Lugonu

Shops:
D:13 =   Orc:1 *   Orc:2 (([:   Elf:1 :   Elf:2 :=:   Snake:1 *   Snake:3 =[[*
Vaults:5 ?

Portals:
Hell: Depths:1 Depths:2 Depths:3 Depths:4 Depths:5
Abyss: Depths:3 Depths:4
Pandemonium: Depths:3

Annotations:
D:5 2 transporters, anet's ghost, weakling GnDe
D:12 3 runed translucent doors, Gitzup's ghost, journeyman HOFi
Lair:2 3 runed translucent doors, Gilette's ghost, journeyman SpCj; Mrsk's ghost, journeyman DgTm; anet's ghost, journeyman GnDe
Lair:3 1 runed translucent door, Gilette's ghost, journeyman GnIE
Shoals:2 1 runed translucent door, Vabbol's ghost, journeyman TrBr
Elf:2 3 runed translucent doors
Elf:3 1 runed translucent door, Naivonosm's ghost, journeyman DEIE
Vaults:3 2 runed translucent doors, Mafumol's ghost, adept GrEE
Depths:2 3 runed translucent doors


Innate Abilities, Weirdness & Mutations

You are immune to sickness and miasma.
Your stone body is resilient. (AC +20)
You are immune to poison.
Your large and strong wings let you fly.
You resist negative energy. (rN+)
You are resistant to electric shocks. (rElec)
You are resistant to unholy torment.
You are immune to petrification.
Your skin changes colour to match your surroundings (Stealth+).
You have supernaturally acute eyesight. (SInv)
You are strong-willed. (Will+)
You are robust. (+10% HP)
You frequently scream uncontrollably at your foes.
You are covered in fur. (AC +1)


Message History

* * * LOW HITPOINT WARNING * * *
You feel extremely nervous for a moment...
You feel horribly lethargic.
You feel as though you will be slow longer.
You feel extremely nervous for a moment...
You feel horribly lethargic.
You feel as though you will be slow longer.
You feel extremely nervous for a moment...
Pain shoots through your body!
* * * LOW HITPOINT WARNING * * *
A royal mummy comes into view.
An ushabti comes into view.
The royal mummy calls on the powers of darkness!
The emperor scorpion convulses!
The bennu convulses!
Your body is wracked with pain!
* * * LOW HITPOINT WARNING * * *
The ushabti shakes and rattles deafeningly!
The royal mummy calls on the powers of darkness!
The bennu convulses! x2; Your body is wracked with pain!
* * * LOW HITPOINT WARNING * * *
The royal mummy gestures at you while chanting.
Something smites you!
* * * LOW HITPOINT WARNING * * *
The royal mummy mumbles some strange words.
The royal mummy barely misses you.
The royal mummy mumbles some strange words.
The royal mummy gestures at you while chanting.
Something smites you!
* * * LOW HITPOINT WARNING * * *
A guardian mummy comes into view.
You feel your intelligence returning.
You feel your dexterity returning.
Unknown command.
Unknown command.
Unknown command.
Unknown command.
Blink to where?
Press: ? - help, Dir - move target
As you read the scroll of blinking, it crumbles to dust.
The royal mummy gestures at you while chanting.
Something smites you!
You die...

▓▓.................▓
▓▓...........M.......
▓▓....................
▓▓...............Z....[
▓▓..............Z..MZ..M
▓▓...................99.9
▓▓...........b....M......s
▓.∩........@....B.b.b...s9
▓▓..............B..§†M.s.M
▓▓............BM.M.M....M
▓▓.....................:
▓▓............s.Z..ZM.:
▓▓....................
▓▓...................
▓▓.................▓


You could see 2 royal mummies, an emperor scorpion (summoned), 2 bennus, 2 mummy
priests, 3 death scarabs and a titan zombie.

Vanquished Creatures
  A pandemonium lord (Zig:5)
  2 dread liches
  Khufu (Crypt:2)
  6 ancient liches
  Mara (Vaults:5)
  3 juggernauts
  18 royal mummies
  Boris (thrice) (Crypt:2 Depths:2 Depths:5)
  Sojobo (Vaults:5)
  Bai Suzhen (Shoals:3)
  Frederick (Vaults:4)
  7 caustic shrikes
  Xtahua (Vaults:5)
  Saint Roka (Depths:1)
  A curse toe (Crypt:3)
  10 golden dragons
  A profane servitor (Depths:1)
  the Enchantress (Depths:3)
  A bone dragon (Zig:26)
  18 tentacled monstrosities
  10 hellephants
  A shard shrike zombie (Crypt:1)
  6 liches
  6 titans
  A Hell Sentinel (Zig:5)
  Rupert (Lair:3)
  11 deep elf master archers
  9 deep elf blademasters
  Frances (Snake:1)
  4 quicksilver dragons
  16 acid blobs
  6 ancient champions
  2 sphinxes
  4 draconian monks (Depths:5)
  10 tengu reavers
  6 shadow dragons
  8 rockslimes
  Kirke (Shoals:3)
  A thorn hunter (Zig:20)
  Donald (Shoals:1)
  10 storm dragons
  Roxanne (Snake:3)
  3 azure jellies
  8 nagarajas
  Ilsuiw (Shoals:3)
  7 frost giants
  An iron dragon (Depths:4)
  A fenstrider witch (Zig:6)
  4 orc warlords
  8 fire giants
  4 emperor scorpions (Zig:22)
  6 deep elf sorcerers
  10 ghost moths
  Aizul (Snake:3)
  7 balrugs
  26 vault wardens
  A draconian shifter (Depths:5)
  A curse skull (Crypt:1)
  8 ghouls
  A caustic shrike zombie (Zig:9)
  7 deep elf elementalists (Elf:3)
  A caustic shrike skeleton (Zig:26)
  3 spriggan defenders (Depths:3)
  3 juggernaut zombies (Zig:26)
  21 very ugly things
  6 green draconians (Depths:5)
  12 ironbound preservers
  2 draconian annihilators (Depths:5)
  3 reapers
  5 quicksilver oozes
  33 stone giants
  5 vampire knights
  3 juggernaut skeletons
  2 war gargoyles (Vaults:5)
  2 bennus (Zig:15)
  A corrupter (Zig:5)
  6 black draconians (Depths:5)
  8 purple draconians (Depths:5)
  20 deep elf annihilators
  Nessos (Lair:4)
  13 deep elf demonologists
  2 entropy weavers (shapeshifter)
  6 white draconians (Depths:5)
  8 entropy weavers
  3 bunyips
  3 spark wasps
  5 red draconians (Depths:5)
  6 eidola
  5 dire elephants
  2 crystal guardians (Vaults:2)
  10 green deaths
  17 ettins
  4 eleionomae
  19 merfolk javelineers
  3 fire dragons
  21 mummy priests
  Snorg (D:13)
  2 pearl dragon zombies (Depths:1)
  13 deep elf death magi
  23 yaktaur captains
  14 jiangshi
  16 great orbs of eyes
  4 shambling mangroves
  15 deep elf high priests
  18 merfolk impalers
  17 hydras
  12 ironbound thunderhulks
  6 boulder beetles
  8 ice dragons
  10 ogre magi
  6 salamander tyrants
  39 vault guards
  3 peacekeepers (Vaults:2)
  18 naga warriors
  3 ghost crabs
  2 quicksilver dragon skeletons
  22 two-headed ogres
  12 merfolk aquamancers
  8 ironbound frosthearts
  25 centaur warriors
  An alligator snapping turtle (Zig:19)
  12 deep troll shamans
  3 rakshasas
  8 anacondas
  3 merfolk avatars
  18 dancing weapons
  4 death knights
  6 spriggan air magi
  3 catoblepae
  3 alligators
  14 deep troll earth magi
  11 death yaks (Lair:6)
  13 hell hogs
  8 vampire magi
  7 satyrs
  9 death scarabs
  6 orc high priests
  3 titan zombies
  10 shock serpents
  Urug (Lair:4)
  5 tengu warriors
  6 ironbound beastmasters
  24 naga sharpshooters
  A sun demon (Depths:3)
  12 spriggans
  5 soul eaters
  7 spriggan berserkers
  11 deep elf knights
  2 hell knights
  4 titan skeletons
  6 golden dragon zombies
  5 salamander mystics
  20 iron trolls
  2 shadow wraiths (Crypt:3)
  2 storm dragon skeletons
  25 skeletal warriors
  A spark wasp zombie (Zig:15)
  A goliath frog (Zig:20)
  20 sea snakes
  6 glowing orange brains
  65 deep trolls
  A sixfirhy (Zig:5)
  11 death drakes
  6 swamp dragons
  6 tengu zombies
  8 spriggan druids
  A shadow demon (Depths:3)
  21 ironbound convokers
  8 flayed ghosts
  5 sphinx zombies
  8 naga ritualists
  8 lindwurms
  9 wizards
  A sea snake (shapeshifter) (Vaults:5)
  A harpy (shapeshifter) (Zig:25)
  12 deep elf archers
  4 orc knights
  6 golden dragon skeletons
  5 bog bodies
  35 deep elf zephyrmancers
  A shadow dragon zombie (Zig:26)
  31 deep elf pyromancers
  23 harpies
  5 necromancers
  15 phantasmal warriors
  38 ugly things
  14 fauns
  6 orc sorcerers
  13 orb spiders
  5 tengu skeletons
  3 iron dragon zombies
  A moth of wrath (shapeshifter) (Depths:4)
  2 sphinx skeletons
  14 mana vipers
  2 stone giant zombies (Zig:9)
  9 shining eyes
  2 oklob plants
  3 iron dragon skeletons
  An orb spider (shapeshifter) (Elf:1)
  A salamander (shapeshifter) (Zig:25)
  17 wolf spiders
  14 cyclopes
  16 manticores
  A frost giant zombie (Crypt:3)
  4 will-o-the-wisps
  3 moths of wrath
  17 elephants
  14 salamanders
  4 apis skeletons (Depths:1)
  10 merfolk sirens
  6 guardian serpents
  23 water nymphs
  2 frost giant skeletons
  21 vault sentinels
  A guardian serpent (shapeshifter) (D:13)
  A rust devil (Zig:26)
  5 eyes of devastation
  36 black mambas
  2 ice statues
  2 smoke demons (Depths:3)
  2 molten gargoyles (Volcano)
  11 naga magi
  A gargoyle (D:13)
  6 torpor snails
  An unseen horror (shapeshifter) (Elf:1)
  15 cane toads
  6 elf skeletons
  5 hellions
  A minotaur zombie (Crypt:3)
  A swamp worm zombie (Crypt:2)
  6 rime drakes
  3 unseen horrors (Depths:4)
  9 komodo dragons
  34 yaktaurs
  5 demonic crawlers
  4 spriggan skeletons
  A yaktaur (shapeshifter) (Zig:25)
  2 tormentors
  A yellow draconian skeleton (Crypt:3)
  6 ice devils
  An ancient zyme (Zig:1)
  7 freezing wraiths
  3 tengu conjurers
  A troll (shapeshifter) (Zig:25)
  3 tyrant leeches
  43 guardian mummies
  8 large abominations (Depths:4)
  5 red devils
  A bloated husk (Zig:21)
  3 polar bears
  8 trolls
  43 merfolk
  7 meliai
  8 jumping spiders
  21 hornets
  73 slime creatures
  12 dream sheep
  12 blink frogs
  18 wind drakes
  2 fire dragon zombies
  3 meliai zombies
  An iron dragon simulacrum (Zig:23)
  A slime creature (shapeshifter) (Vaults:3)
  A stone giant simulacrum (Depths:1)
  18 snapping turtles
  3 spriggan zombies
  24 flying skulls
  17 ushabtiu
  A shadow (D:11)
  2 dire elephant simulacra (IceCv)
  17 air elementals
  A black mamba zombie (Crypt:3)
  A satyr skeleton (Crypt:1)
  3 small abominations (Depths:4)
  32 water elementals
  15 wraiths
  A ynoxinul (Depths:3)
  A fire dragon skeleton (Depths:1)
  A spriggan (shapeshifter) (Depths:4)
  7 wyverns
  18 redbacks
  4 fire elementals
  9 tarantellas
  7 elf zombies
  Eustachio (D:4)
  7 fire bats (Volcano)
  5 golden eyes
  2 basilisks (shapeshifter)
  5 basilisks
  A chaos spawn (Depths:4)
  2 hogs (Shoals:3)
  3 steam dragons
  27 yaks
  2 neqoxecs (Zig:1)
  2 death yak simulacra (IceCv)
  9 vampire mosquitoes
  43 nagas
  Edmund (D:4)
  5 wargs
  An infernal demonspawn skeleton (Crypt:1)
  19 water moccasins
  6 hell hounds (Zig:26)
  2 floating eyes
  38 orc warriors
  An ice beast (D:5)
  3 sky beasts
  A meliai simulacrum (D:15)
  A dream sheep zombie (Crypt:2)
  An elephant zombie (Crypt:3)
  A black bear (shapeshifter) (D:13)
  7 necrophages
  5 black bears
  11 wolves
  40 ogres
  3 boggarts (Vaults:1)
  26 centaurs
  A phantom (Zig:26)
  A manticore skeleton (Crypt:3)
  A hog skeleton (Crypt:3)
  An octopode zombie (Crypt:2)
  A kobold brigand (D:9)
  4 scorpions
  A wyvern zombie (Crypt:3)
  15 bullfrogs
  2 cane toad simulacra (IceCv)
  2 gnoll sergeants
  4 earth elementals
  A palentonga skeleton (Crypt:3)
  6 two-headed ogre simulacra (IceCv)
  A water moccasin zombie (D:3)
  A polar bear zombie (Crypt:3)
  6 killer bees (D:9)
  2 elephant simulacra (IceCv)
  A water moccasin skeleton (D:6)
  A wight (Zig:26)
  10 electric eels
  A bullfrog zombie (D:6)
  6 centaur zombies
  A gnoll shaman (D:6)
  16 orc priests
  A bullfrog skeleton (D:4)
  2 hounds (D:5)
  A jelly (D:2)
  7 iguanas
  27 orc wizards
  3 polar bear simulacra (IceCv)
  3 troll simulacra (IceCv)
  8 spriggan simulacra (IceCv)
  A wolf simulacrum (IceCv)
  66 mummies
  7 adders
  20 gnolls
  6 naga simulacra (IceCv)
  A swamp drake zombie (Crypt:1)
  10 white imps
  5 ufetubi (IceCv)
  An adder skeleton (D:4)
  A lava snake skeleton (Crypt:2)
  7 dart slugs
  75 orcs
  5 bats
  A bat zombie (Crypt:1)
  14 endoplasms
  5 giant cockroaches
  9 hobgoblins
  8 jackals (D:2)
  15 kobolds
  5 quokkas
  10 ball pythons
  6 frilled lizards
  8 goblins
  An orc skeleton (Crypt:3)
  A quokka skeleton (Crypt:3)
  5 rats
  8 briar patches (Zig:20)
  2 fire vortices (Crypt:3)
3087 creatures vanquished.

Vanquished Creatures (collateral kills)
  A curse toe (Crypt:3)
  3 caustic shrikes
  An acid blob (Zig:24)
  A sphinx (Depths:3)
  An azure jelly (Zig:24)
  A merfolk javelineer (Shoals:3)
  A spriggan air mage (Depths:5)
  An anaconda (Snake:3)
  A shock serpent (Snake:3)
  A swamp dragon (Zig:4)
  2 deep trolls (Depths:5)
  2 merfolk sirens (Shoals:3)
  A torpor snail (Zig:13)
  2 slime creatures (Zig:24)
  An orc (D:14)
20 creatures vanquished.

Vanquished Creatures (others)
  Asterion (Snake:3)
  A black draconian (Depths:5)
  A green death (Zig:21)
  An alligator (Zig:21)
  A dancing weapon (Elf:1)
  A swamp dragon (Zig:21)
  A will-o-the-wisp (Zig:21)
  A salamander (Snake:3)
  A black mamba (Lair:6)
  2 hornets (Zig:21)
  90 fire vortices
  4 foxfires
  52 fungi
  95 plants
  10 toadstools (D:2)
  4 withered plants (Lair:2)
266 creatures vanquished.

Grand Total: 3373 creatures vanquished

Notes
Turn   | Place    | Note
-------+----------+-------------------------------------------
     0 | D:1      | udvgu the Gargoyle Earth Elementalist began the quest for
                  | the Orb.
     0 | D:1      | Reached XP level 1. HP: 10/10 MP: 3/3
   161 | D:1      | Reached XP level 2. HP: 15/15 MP: 3/5
   684 | D:1      | Reached XP level 3. HP: 18/19 MP: 3/6
   694 | D:1      | Learned a level 3 spell: Stone Arrow
  1689 | D:2      | Reached skill level 1 in Conjurations
  1859 | D:2      | Reached XP level 4. HP: 15/24 MP: 8/8
  2524 | D:2      | Found a faded altar of an unknown god.
  2650 | D:2      | Reached skill level 5 in Earth Magic
  2958 | D:2      | Reached XP level 5. HP: 25/28 MP: 9/9
  3316 | D:3      | Found an ornate altar of the Wu Jian Council.
  3325 | D:3      | Reached XP level 6. HP: 23/32 MP: 1/11
  4372 | D:4      | Identified the ring "Gawn" {rN+ rCorr Int+2}
  4422 | D:4      | Noticed Eustachio
  4428 | D:4      | Killed Eustachio
  4429 | D:4      | Reached XP level 7. HP: 36/36 MP: 6/13
  4573 | D:4      | Noticed Edmund
  4691 | D:4      | Killed Edmund
  5083 | D:4      | Found a shimmering altar of Xom.
  5275 | D:4      | Found a staircase to the Ecumenical Temple.
  5291 | Temple   | Entered the Ecumenical Temple
  5301 | Temple   | Became a worshipper of Vehumet
  5403 | D:5      | Entered Level 5 of the Dungeon
  5422 | D:5      | Found a transporter.
  5424 | D:5      | Noticed anet's ghost (weakling GnDe)
  5426 | D:5      | Found a transporter.
  5426 | D:5      | Found a transporter.
  5438 | D:5      | Reached skill level 1 in Maces & Flails
  5438 | D:5      | Reached XP level 8. HP: 42/42 MP: 6/15
  5443 | D:5      | Reached skill level 1 in Fighting
  5443 | D:5      | Reached skill level 1 in Armour
  5502 | D:5      | Reached skill level 1 in Evocations
  5615 | D:5      | Reached skill level 5 in Spellcasting
  5630 | D:5      | Noticed a yak
  5633 | D:5      | Noticed a yak
  5634 | D:5      | Noticed a yak
  5682 | D:5      | Reached skill level 5 in Conjurations
  5693 | D:5      | Killed a yak
  5694 | D:5      | Killed a yak
  5699 | D:5      | Killed a yak
  5700 | D:5      | Reached XP level 9. HP: 4/49 MP: 0/17
  5999 | D:5      | Found a transporter.
  6077 | D:5      | Found a glowing drain.
  6341 | D:5      | Found a glowing golden altar of the Shining One.
  6520 | D:6      | Reached * piety under Vehumet
  6520 | D:6      | Offered knowledge of Shock by Vehumet.
  7400 | D:6      | Found a shimmering blue altar of Sif Muna.
  7564 | D:7      | Found a shadowy altar of Dithmenos.
  7643 | D:7      | Found a shadowy altar of Dithmenos.
  7855 | D:7      | Found a broken altar of Ashenzari.
  8324 | D:7      | Offered knowledge of Searing Ray by Vehumet.
  8330 | D:7      | Reached ** piety under Vehumet
  8827 | D:8      | Reached XP level 10. HP: 56/56 MP: 12/19
  9162 | D:8      | Noticed a two-headed ogre
  9171 | D:8      | Killed a two-headed ogre
  9743 | D:9      | Found a staircase to the Lair.
  9800 | D:9      | Noticed a two-headed ogre
  9818 | D:9      | Killed a two-headed ogre
  9818 | D:9      | Offered knowledge of Static Discharge by Vehumet.
  9819 | D:9      | Reached skill level 5 in Fighting
  9819 | D:9      | Reached skill level 5 in Armour
  9984 | D:9      | Noticed a two-headed ogre
  9988 | D:9      | Killed a two-headed ogre
  9989 | D:9      | Reached XP level 11. HP: 64/64 MP: 14/21
 10086 | D:9      | Reached *** piety under Vehumet
 10287 | D:9      | Reached skill level 5 in Maces & Flails
 10879 | D:10     | Entered Level 10 of the Dungeon
 11775 | D:11     | Noticed a boulder beetle
 11782 | D:11     | Killed a boulder beetle
 12072 | D:11     | Noticed a green ugly thing
 12079 | D:11     | Killed a green ugly thing
 12080 | D:11     | Reached skill level 5 in Evocations
 12172 | D:11     | Learned a level 5 spell: Bolt of Magma
 12209 | D:11     | Noticed a cyclops
 12217 | D:11     | Killed a cyclops
 12286 | D:11     | Reached skill level 5 in Dodging
 12289 | D:11     | Reached skill level 1 in Fire Magic
 12637 | D:11     | Offered knowledge of Conjure Flame by Vehumet.
 13044 | D:12     | Reached skill level 10 in Earth Magic
 13044 | D:12     | Reached XP level 12. HP: 65/71 MP: 0/23
 13195 | D:12     | Found a staircase to the Orcish Mines.
 13489 | D:12     | Found a runed translucent gate.
 13500 | D:12     | Found a runed translucent gate.
 13500 | D:12     | Found a runed translucent gate.
 13500 | D:12     | Noticed Gitzup's ghost (journeyman HOFi)
 13523 | D:12     | Noticed a two-headed ogre
 13542 | D:12     | Killed a two-headed ogre
 13542 | D:12     | Reached **** piety under Vehumet
 14714 | D:12     | Offered knowledge of Inner Flame by Vehumet.
 14927 | D:12     | Learned a level 1 spell: Apportation
 15151 | D:13     | Noticed Snorg
 15159 | D:13     | Killed Snorg
 15643 | D:13     | Found Kenaumn's Jewellery Boutique.
 15844 | D:14     | Noticed a seven-headed hydra
 16136 | D:14     | Noticed a centaur warrior
 16140 | D:14     | Killed a centaur warrior
 16141 | D:14     | Reached skill level 5 in Fire Magic
 16146 | D:14     | Killed a seven-headed hydra
 16295 | D:14     | Noticed a boulder beetle
 16305 | D:14     | Killed a boulder beetle
 16505 | D:14     | Noticed a two-headed ogre
 16509 | D:14     | Reached XP level 13. HP: 69/76 MP: 25/25
 16678 | D:14     | Gained mutation: You are robust. (+10% HP) [potion of
                  | mutation]
 16678 | D:14     | Gained mutation: You are weak. (Str -2) [potion of
                  | mutation]
 16678 | D:14     | Gained mutation: You have a pair of small horns on your
                  | head. [potion of mutation]
 17017 | D:14     | Found a gate to the Vaults.
 17578 | Lair:1   | Entered Level 1 of the Lair of Beasts
 17665 | Lair:1   | Reached ***** piety under Vehumet
 17766 | Lair:1   | Learned a level 5 spell: Irradiate
 17820 | Lair:1   | Learned a level 5 spell: Lee's Rapid Deconstruction
 18924 | Lair:2   | Offered knowledge of Sticky Flame by Vehumet.
 19021 | Lair:2   | Found a runed translucent gate.
 19021 | Lair:2   | Found a runed translucent gate.
 19021 | Lair:2   | Found a runed translucent gate.
 19021 | Lair:2   | Noticed Mrsk's ghost (journeyman DgTm)
 19022 | Lair:2   | Noticed Gilette's ghost (journeyman SpCj)
 19022 | Lair:2   | Noticed anet's ghost (journeyman GnDe)
 19373 | Lair:2   | Identified a scroll of acquirement
 19373 | Lair:2   | Acquired the Papyrus of Stones
 19382 | Lair:2   | Learned a level 6 spell: Iron Shot
 19514 | Lair:3   | Lost mutation: You are robust. (+10% HP) [potion of
                  | mutation]
 19514 | Lair:3   | Lost mutation: You have a pair of small horns on your head.
                  | [potion of mutation]
 19514 | Lair:3   | Lost mutation: You are weak. (Str -2) [potion of mutation]
 19514 | Lair:3   | Gained mutation: You are covered in fur. (AC +1) [potion of
                  | mutation]
 19514 | Lair:3   | Gained mutation: Your body sometimes deteriorates upon
                  | taking damage. [potion of mutation]
 19514 | Lair:3   | Gained mutation: Your mind is acute. (Int +2) [potion of
                  | mutation]
 19515 | Lair:3   | Lost mutation: Your mind is acute. (Int +2) [potion of
                  | mutation]
 19515 | Lair:3   | Gained mutation: You possess an exceptional clarity of
                  | mind. [potion of mutation]
 19515 | Lair:3   | Lost mutation: You possess an exceptional clarity of mind.
                  | [potion of mutation]
 19515 | Lair:3   | Gained mutation: You are strong-willed. (Will+) [potion of
                  | mutation]
 19516 | Lair:3   | Lost mutation: Your body sometimes deteriorates upon taking
                  | damage. [potion of mutation]
 19516 | Lair:3   | Gained mutation: Your skin changes colour to match your
                  | surroundings (Stealth+). [potion of mutation]
 19516 | Lair:3   | Gained mutation: You are robust. (+10% HP) [potion of
                  | mutation]
 19516 | Lair:3   | Gained mutation: You have supernaturally acute eyesight.
                  | (SInv) [potion of mutation]
 19633 | Lair:3   | Found a staircase to the Snake Pit.
 19790 | Lair:3   | Found a dark tunnel.
 19794 | Volcano  | Entered a volcano
 20193 | Volcano  | Found a radiant altar of Vehumet.
 20347 | Volcano  | Noticed a fire dragon
 20352 | Volcano  | Killed a fire dragon
 20420 | Volcano  | Identified the +5 fire dragon scales of Fun {rF++ rC- rN+
                  | Str+4}
 20528 | Lair:3   | Gained mutation: Your large and strong wings let you fly.
                  | [Gargoyle growth]
 20528 | Lair:3   | Reached XP level 14. HP: 90/92 MP: 3/26
 21469 | Lair:3   | Reached skill level 10 in Conjurations
 21874 | Lair:3   | Found a runed translucent door.
 21875 | Lair:3   | Noticed Gilette's ghost (journeyman GnIE)
 21999 | Lair:4   | Noticed Urug
 22004 | Lair:4   | Noticed Rupert
 22268 | Lair:3   | Killed Rupert
 22520 | Lair:4   | Noticed Nessos
 22530 | Lair:4   | Killed Nessos
 22548 | Lair:4   | Killed Urug
 23252 | Lair:4   | Found a staircase to the Shoals.
 23272 | Lair:4   | Identified the +6 trident of Contradiction {speed, Drain
                  | Str+5 Dex+4}
 23657 | Lair:5   | Offered knowledge of Lightning Bolt by Vehumet.
 23822 | Lair:5   | Found a staircase to the Slime Pits.
 25110 | Lair:6   | Entered Level 6 of the Lair of Beasts
 25124 | Lair:6   | Reached XP level 15. HP: 72/100 MP: 0/28
 26666 | Lair:6   | Identified the +1 glaive of Fortitude {holy, Will+ Dex+2}
 27024 | Orc:1    | Entered Level 1 of the Orcish Mines
 27143 | Orc:2    | Entered Level 2 of the Orcish Mines
 27149 | Orc:2    | Found Oxyophen's Antique Weapon Shop.
 27149 | Orc:2    | Found Igausch's Weapon Emporium.
 27150 | Orc:2    | Found Kucs's Book Shoppe.
 27150 | Orc:2    | Found Liam's Antique Armour Shop.
 27166 | Orc:2    | Offered knowledge of Iskenderun's Battlesphere by Vehumet.
 27167 | Orc:2    | Reached skill level 10 in Fighting
 27167 | Orc:2    | Reached skill level 10 in Fire Magic
 27233 | Orc:2    | Reached XP level 16. HP: 85/106 MP: 13/29
 27261 | Orc:2    | Found a staircase to the Elven Halls.
 27273 | Orc:2    | Found a frozen archway.
 27281 | IceCv    | Entered an ice cave
 28289 | IceCv    | Offered knowledge of Yara's Violent Unravelling by Vehumet.
 28552 | IceCv    | Reached skill level 10 in Spellcasting
 29260 | Orc:2    | Gained mutation: You occasionally shout uncontrollably at
                  | your foes. [mutagenic glow]
 29706 | Orc:1    | Found a bloodstained altar of Trog.
 30031 | Orc:1    | Found Ewkairut's General Store.
 30045 | Orc:1    | Bought a scroll of enchant armour for 105 gold pieces
 30045 | Orc:1    | Bought a potion of curing for 42 gold pieces
 30490 | D:15     | Entered Level 15 of the Dungeon
 30763 | D:15     | Found a portal to a secret trove of treasure.
 30954 | D:15     | Found a basalt altar of Yredelemnul.
 31171 | D:15     | Found a staircase to the Depths.
 31464 | D:15     | Offered knowledge of Ozocubu's Refrigeration by Vehumet.
 31623 | D:15     | Found a white marble altar of Elyvilon.
 31866 | Snake:1  | Entered Level 1 of the Snake Pit
 32045 | Snake:1  | Noticed Frances
 32484 | Snake:1  | Reached skill level 10 in Maces & Flails
 32552 | Snake:1  | Killed Frances
 32951 | Snake:1  | Found Rejyzyeg's CLEARANCE SALE! EVERYTHING MUST GO!.
 32954 | Snake:1  | Bought a potion of haste for 20 gold pieces
 33944 | Snake:3  | Identified Roxanne's Collected Works on Clay
 33944 | Snake:3  | Noticed Roxanne
 33950 | Snake:3  | Killed Roxanne
 33951 | Snake:3  | Reached XP level 17. HP: 113/114 MP: 1/31
 34128 | Snake:3  | Found Gousaebb's Armour Emporium.
 34130 | Snake:3  | Found Kattoer's Armour Shoppe.
 34134 | Snake:3  | Found Cixzoq's General Store.
 34160 | Snake:3  | Bought a wand of iceblast (8) for 144 gold pieces
 34160 | Snake:3  | Bought a potion of heal wounds for 60 gold pieces
 34160 | Snake:3  | Bought a scroll of blinking for 90 gold pieces
 34444 | Snake:3  | Found Busooq Xamoe's Jewellery Shoppe.
 34444 | Snake:3  | Noticed Asterion
 34444 | Snake:3  | Noticed Aizul
 34451 | Snake:3  | Killed Asterion
 34452 | Snake:3  | Killed Aizul
 35542 | Shoals:1 | Entered Level 1 of the Shoals
 36124 | Shoals:1 | Noticed Donald
 36135 | Shoals:1 | Killed Donald
 37155 | Shoals:2 | Found a snail-covered altar of Cheibriados.
 37240 | Shoals:2 | Reached ****** piety under Vehumet
 37350 | Shoals:2 | Found a runed translucent door.
 37354 | Shoals:2 | Found a shimmering altar of Xom.
 37354 | Shoals:2 | Noticed Vabbol's ghost (journeyman TrBr)
 37369 | Shoals:2 | Reached skill level 10 in Evocations
 37587 | Shoals:2 | Offered knowledge of Orb of Destruction by Vehumet.
 38449 | Shoals:3 | Identified the +7 flail of Xiatzaxt {elec, Fly rPois rN+
                  | Str-5}
 38594 | Shoals:3 | Reached XP level 18. HP: 122/122 MP: 33/33
 38727 | Shoals:3 | Noticed Bai Suzhen
 38907 | Shoals:3 | Noticed Ilsuiw
 38909 | Shoals:3 | Killed Bai Suzhen
 39030 | Shoals:3 | Noticed Kirke
 39039 | Shoals:3 | Killed Kirke
 39760 | Shoals:3 | Killed Ilsuiw
 39801 | Shoals:4 | Entered Level 4 of the Shoals
 39801 | Shoals:4 | Found a stormy altar of Qazlal.
 39828 | Shoals:4 | Found a shimmering altar of Xom.
 40576 | Shoals:4 | Paralysed by an air elemental for 1 turns
 40578 | Shoals:4 | Offered knowledge of Ignition by Vehumet.
 40590 | Shoals:4 | Paralysed by an air elemental for 1 turns
 40612 | Shoals:4 | Learned a level 8 spell: Ignition
 40775 | Shoals:4 | Identified the ring "Eggyekuf" {rF+ Str+4 Int+3}
 40830 | Shoals:4 | Paralysed by an air elemental for 1 turns
 40924 | Shoals:4 | Paralysed by an air elemental for 1 turns
 41020 | Shoals:4 | Identified the +0 halberd "Ynkaeb" {freeze, Contam rElec
                  | rC+++ Int+4}
 41026 | Shoals:4 | Got a barnacled rune of Zot
 41183 | Shoals:4 | Paralysed by an air elemental for 1 turns
 41194 | Shoals:4 | Paralysed by an air elemental for 1 turns
 41545 | Shoals:4 | Reached skill level 15 in Fire Magic
 41867 | Snake:4  | Entered Level 4 of the Snake Pit
 41870 | Snake:4  | Offered knowledge of Fire Storm by Vehumet.
 41870 | Snake:4  | Offered knowledge of Chain Lightning by Vehumet.
 41870 | Snake:4  | Offered knowledge of Maxwell's Capacitive Coupling by
                  | Vehumet.
 41923 | Snake:4  | Reached XP level 19. HP: 91/127 MP: 15/34
 42503 | Snake:4  | Reached skill level 10 in Dodging
 42522 | Snake:4  | HP: 1/128 [salamander (6)]
 42682 | Snake:4  | Got a serpentine rune of Zot
 43519 | Elf:1    | Entered Level 1 of the Elven Halls
 44223 | Elf:1    | Got the Disquisition on Creative Attacks
 44341 | Elf:1    | Paralysed by an air elemental for 1 turns
 44536 | Elf:1    | Found Cypoz's Book Shoppe.
 44863 | Elf:2    | Found a shimmering blue altar of Sif Muna.
 44906 | Elf:2    | Reached skill level 15 in Earth Magic
 45136 | Elf:2    | Reached XP level 20. HP: 119/136 MP: 22/36
 45474 | Elf:2    | Found Nokluafi's Book Shop.
 45474 | Elf:2    | Found Bimeqiasy's Jewellery Emporium.
 45475 | Elf:2    | Found Boahaodi's Book Shop.
 45572 | Elf:2    | Found a runed translucent gate.
 45572 | Elf:2    | Found a runed translucent gate.
 45573 | Elf:2    | Found a runed translucent gate.
 45736 | Elf:3    | Entered Level 3 of the Elven Halls
 45922 | Vaults:1 | Entered Level 1 of the Vaults
 45926 | Vaults:1 | Upgraded the game from 0.28-a0-175-gb2089b6bb7 to
                  | 0.28-a0-194-g42b4daccc1
 47892 | Vaults:2 | Found a staircase to the Crypt.
 47932 | Vaults:2 | Reached XP level 21. HP: 118/144 MP: 24/37
 49634 | Vaults:3 | Found a large runed translucent door.
 50024 | Vaults:3 | Found a large runed translucent door.
 50059 | Vaults:3 | Noticed Mafumol's ghost (adept GrEE)
 50695 | Vaults:3 | Reached skill level 15 in Conjurations
 51296 | Vaults:4 | Reached XP level 22. HP: 132/151 MP: 6/39
 51919 | Vaults:4 | Noticed Frederick
 51940 | Vaults:4 | Killed Frederick
 53623 | Elf:3    | Identified the +9 flail "Spiderslayer" {spect, +Blink MP+9
                  | Int+4}
 53623 | Elf:3    | Identified the amulet "Xyufaes" {Acrobat SInv}
 53637 | Elf:3    | Reached skill level 15 in Fighting
 53639 | Elf:3    | Identified the +2 rapier "Ochusch" {vorpal, Str+5}
 53918 | Elf:3    | Got the Disquisition on the Glacier and the Traveller
 54093 | Elf:3    | Found a runed translucent door.
 54093 | Elf:3    | Found a shimmering altar of Xom.
 54093 | Elf:3    | Noticed Naivonosm's ghost (journeyman DEIE)
 55072 | Vaults:1 | Learned a level 9 spell: Shatter
 55224 | Vaults:5 | Entered Level 5 of the Vaults
 55227 | Vaults:5 | Reached XP level 23. HP: 150/158 MP: 39/41
 55313 | Vaults:5 | Noticed Xtahua
 55319 | Vaults:5 | Noticed an ancient lich
 55321 | Vaults:5 | Noticed Mara
 55479 | Vaults:5 | Killed Mara
 55479 | Vaults:5 | Killed an ancient lich
 55482 | Vaults:5 | Identified the amulet "Reg Mur" {Reflect rPois rN+ Dex-4
                  | SH+5}
 55486 | Vaults:5 | Reached skill level 15 in Spellcasting
 55490 | Vaults:5 | Killed Xtahua
 55504 | Vaults:5 | Reached XP level 24. HP: 59/165 MP: 42/42
 55853 | Vaults:5 | Noticed Sojobo
 55858 | Vaults:5 | Killed Sojobo
 56091 | Vaults:5 | Identified the ring "Woyront" {AC+4 Int+5 SInv}
 56147 | Vaults:5 | Identified the ring of Beacrout {EV+4 Dex+5}
 56255 | Vaults:5 | Noticed an ancient lich
 56259 | Vaults:5 | Killed an ancient lich
 56394 | Vaults:5 | Identified the +8 short sword "Demon's Curse" {speed,
                  | Int+6}
 56804 | Vaults:5 | Found the ring of the Octopus King
 56817 | Vaults:5 | Identified a ring of the Octopus King {Fly AC+1 EV+1 Str+1
                  | Int+1 Dex+1}
 56823 | Vaults:5 | Got a silver rune of Zot
 57070 | Vaults:5 | Got the Compendium of Enchantment
 57274 | Vaults:5 | Identified the +2 robe of Ricijowo {Drain Regen+ Str+5}
 57299 | Vaults:5 | Found Yrous's Magic Scroll Shoppe.
 57311 | Vaults:5 | Got Sif Muna's Almanac of Aerial Earth
 57317 | Vaults:5 | Bought a scroll of teleportation for 39 gold pieces
 57317 | Vaults:5 | Bought a scroll of acquirement for 676 gold pieces
 57317 | Vaults:5 | Bought a scroll of enchant weapon for 97 gold pieces
 57317 | Vaults:5 | Bought a scroll of teleportation for 39 gold pieces
 57317 | Vaults:5 | Bought a scroll of magic mapping for 45 gold pieces
 57319 | Vaults:5 | Acquired 1017 gold pieces
 57327 | Vaults:5 | Noticed an ancient lich
 57336 | Vaults:5 | Killed an ancient lich
 57736 | Crypt:1  | Entered Level 1 of the Crypt
 58702 | Crypt:2  | Noticed a royal mummy
 58703 | Crypt:2  | Noticed a royal mummy
 58706 | Crypt:2  | Killed a royal mummy
 58706 | Crypt:2  | Noticed Khufu
 58707 | Crypt:2  | Killed a royal mummy
 58709 | Crypt:2  | Reached XP level 25. HP: 167/172 MP: 16/43
 58709 | Crypt:2  | Noticed a royal mummy
 58711 | Crypt:2  | Killed Khufu
 58714 | Crypt:2  | Killed a royal mummy
 58948 | Crypt:1  | Learned a level 9 spell: Fire Storm
 59123 | Crypt:2  | Noticed Boris
 59128 | Crypt:2  | Killed Boris
 59578 | Crypt:2  | Reached skill level 15 in Maces & Flails
 59888 | Crypt:3  | Entered Level 3 of the Crypt
 60154 | D:15     | You paid a toll of 5 scrolls of fear to enter a treasure
                  | trove
 60155 | Trove    | Entered a treasure trove
 60159 | Trove    | Identified the +0 buckler "Dulehukk" {Str+2}
 60160 | Trove    | Identified the +7 plate armour "Bitexitz" {Fly}
 60161 | Trove    | Identified the +2 buckler "Jatut" {Regen+}
 60163 | Trove    | Identified the +0 pair of boots of Midsummer {Harm Rampage
                  | *Slow rF+}
 60166 | Trove    | Identified the +1 plate armour "Naad" {Will- Regen+ rCorr
                  | Slay+3}
 60530 | Crypt:3  | Found a staircase to the Tomb.
 60532 | Crypt:3  | Reached skill level 1 in Shields
 60882 | Crypt:3  | Noticed a dread lich
 60882 | Crypt:3  | Noticed an ancient lich
 60884 | Crypt:3  | Killed an ancient lich
 60885 | Crypt:3  | Killed a dread lich
 60894 | Crypt:3  | Identified the ring of Atheism {Fire rElec rN++ Str-3}
 60898 | Crypt:3  | Identified the -1 helmet of Uruiwk {rF- rN+ Slay+3}
 61543 | Depths:1 | Entered Level 1 of the Depths
 61543 | Depths:1 | Found a gateway to Hell.
 61561 | Depths:1 | Found a flickering gateway to a bazaar.
 61568 | Bazaar   | Entered a bazaar
 61568 | Bazaar   | Found Soilyf's Antique Armour Shoppe.
 61568 | Bazaar   | Found Anuel's Weapon Emporium.
 61568 | Bazaar   | Found Eplerrat's Distillery.
 61596 | Bazaar   | Bought a potion of magic for 104 gold pieces
 61596 | Bazaar   | Bought 2 potions of curing for 78 gold pieces
 61596 | Bazaar   | Bought a potion of haste for 130 gold pieces
 61596 | Bazaar   | Bought a potion of curing for 39 gold pieces
 61596 | Bazaar   | Bought a potion of magic for 104 gold pieces
 61596 | Bazaar   | Bought a potion of might for 52 gold pieces
 61596 | Bazaar   | Bought a potion of haste for 130 gold pieces
 61596 | Bazaar   | Bought a potion of resistance for 130 gold pieces
 61598 | Bazaar   | Bought a bloodstained robe for 102 gold pieces
 61598 | Bazaar   | Identified the +1 robe of Dumegh {Dex+4} (You bought it in
                  | a shop in a bazaar)
 61786 | Depths:1 | Reached XP level 26. HP: 136/180 MP: 8/43
 62083 | Depths:1 | Noticed Saint Roka
 62090 | Depths:1 | Killed Saint Roka
 62400 | Depths:1 | Found a basalt altar of Yredelemnul.
 62811 | Depths:2 | Found a runed translucent door.
 62812 | Depths:2 | Found a runed translucent door.
 62826 | Depths:2 | Found the ring of the Hare {EV+8}
 62827 | Depths:2 | Found a runed translucent door.
 62832 | Depths:2 | Got the Incunabulum of the Volcanoes and Poisoning
 62835 | Depths:2 | Found a runed translucent door.
 62849 | Depths:2 | Got Buozor's Incunabulum of Dusty Air
 62863 | Depths:2 | Got the Almanac of Destructive Malediction
 63385 | Depths:2 | Noticed Boris
 63392 | Depths:2 | Killed Boris
 63512 | Depths:2 | Found a gateway to a ziggurat.
 63886 | Depths:2 | Found a bloodstained altar of Trog.
 64858 | Depths:3 | Noticed the Enchantress
 64862 | Depths:3 | Killed the Enchantress
 64863 | Depths:3 | Reached XP level 27. HP: 189/189 MP: 19/44
 65072 | Depths:3 | Found a corrupted altar of Lugonu.
 65073 | Depths:3 | Found a one-way gate to the infinite horrors of the Abyss.
 65313 | Depths:3 | Noticed a juggernaut
 65319 | Depths:3 | Killed a juggernaut
 65410 | Depths:3 | Found a radiant altar of Vehumet.
 65540 | Depths:3 | Found a one-way gate leading to the halls of Pandemonium.
 65965 | Depths:4 | Found a blossoming altar of Fedhas.
 66989 | Depths:4 | Identified the +0 pair of boots "Jejiazeth" {rC+ Int+2}
 67902 | Depths:5 | Entered Level 5 of the Depths
 68226 | Depths:5 | Noticed Boris
 68244 | Depths:5 | Killed Boris
 68458 | Depths:5 | Found a gate to the Realm of Zot.
 68587 | Depths:5 | Reached skill level 15 in Dodging
 69888 | Zig:1    | Entered Level 1 of a ziggurat
 69898 | Zig:1    | Learned a level 8 spell: Necromutation
 69918 | Zig:2    | Entered Level 2 of a ziggurat
 69931 | Zig:2    | Reached skill level 1 in Transmutations
 69939 | Zig:2    | Identified the +4 scale mail of Catatonia {rC+}
 70005 | Zig:3    | Entered Level 3 of a ziggurat
 70060 | Zig:4    | Entered Level 4 of a ziggurat
 70069 | Zig:4    | Reached skill level 1 in Necromancy
 70090 | Zig:5    | Entered Level 5 of a ziggurat
 70095 | Zig:5    | Noticed Kaom the pandemonium lord
 70160 | Zig:5    | Killed Kaom the pandemonium lord
 70296 | Zig:5    | Learned a level 8 spell: Lehudib's Crystal Spear
 70309 | Zig:5    | Identified the ring "Ilanym" {rPois rN+ Will+ MP+9}
 70321 | Zig:6    | Entered Level 6 of a ziggurat
 70335 | Zig:6    | Identified the +4 shortbow "Deonwaah" {flame, rC+}
 70353 | Zig:7    | Entered Level 7 of a ziggurat
 70374 | Zig:7    | Identified the +8 long sword of Might {pain, Str+3 Int+4}
 70380 | Zig:8    | Entered Level 8 of a ziggurat
 70384 | Zig:8    | Noticed an ancient lich
 70385 | Zig:8    | Noticed an ancient lich
 70385 | Zig:8    | Noticed a dread lich
 70387 | Zig:8    | Killed a dread lich
 70388 | Zig:8    | Reached skill level 5 in Necromancy
 70388 | Zig:8    | Killed an ancient lich
 70389 | Zig:8    | Killed an ancient lich
 70408 | Zig:8    | Got the Disquisition on the Mutagenic Glacier
 70421 | Zig:9    | Entered Level 9 of a ziggurat
 70467 | Zig:10   | Entered Level 10 of a ziggurat
 70546 | Zig:10   | Identified the +10 longbow of Kuci {freeze, +Blink}
 70548 | Zig:10   | Identified the +4 shortbow "Xalam" {vorpal, rElec}
 70559 | Zig:11   | Entered Level 11 of a ziggurat
 70685 | Zig:12   | Entered Level 12 of a ziggurat
 70694 | Zig:12   | Found the amulet of the Air {Inacc Air Fly rElec RMsl}
 70696 | Zig:12   | Found the +9 staff of Olgreb {rPois∞}
 70696 | Zig:12   | Found the +11 plutonium sword {Contam Stlth-}
 70698 | Zig:12   | Reached skill level 5 in Transmutations
 70737 | Zig:12   | Identified the +1 leather armour of Tenacity {rPois}
 70739 | Zig:12   | Identified the amulet "Velasius" {rC- Regen+ Str+2 Int+2}
 70748 | Zig:13   | Entered Level 13 of a ziggurat
 70782 | Zig:13   | Identified the +7 plate armour of Starshine {Harm rPois rF+
                  | Dex+2}
 70795 | Zig:14   | Entered Level 14 of a ziggurat
 70804 | Zig:14   | Noticed a juggernaut
 70804 | Zig:14   | Noticed a juggernaut
 70808 | Zig:14   | Killed a juggernaut
 70809 | Zig:14   | Killed a juggernaut
 70814 | Zig:14   | Reached skill level 10 in Necromancy
 70864 | Zig:14   | Got Pyum's Guide on Unstable Companions
 70868 | Zig:14   | Acquired 857 gold pieces
 70872 | Zig:15   | Entered Level 15 of a ziggurat
 70877 | Zig:15   | Noticed a royal mummy
 70879 | Zig:15   | Noticed a royal mummy
 70883 | Zig:15   | Killed a royal mummy
 70885 | Zig:15   | Noticed a royal mummy
 70886 | Zig:15   | Noticed a royal mummy
 70887 | Zig:15   | Killed a royal mummy
 70895 | Zig:15   | Killed a royal mummy
 70902 | Zig:15   | Killed a royal mummy
 71047 | Zig:15   | Identified the +7 long sword "Zovacs" {vorpal, rPois Str+4}
 71069 | Zig:16   | Entered Level 16 of a ziggurat
 71079 | Zig:16   | Found the ring of Shadows {Umbra +Inv Stlth+}
 71085 | Zig:16   | Reached skill level 10 in Transmutations
 71129 | Zig:16   | Identified the +8 mace of Oozing Pus {protect, Int+4 Dex+3}
 71145 | Zig:16   | Got the Papyrus of the Glacier and Combat Magic
 71163 | Zig:17   | Entered Level 17 of a ziggurat
 71299 | Zig:17   | Identified the +7 demon trident "Spiderslayer" {venom, rF+
                  | Will- Str+4}
 71312 | Zig:18   | Entered Level 18 of a ziggurat
 71329 | Zig:18   | Reached skill level 15 in Necromancy
 71329 | Zig:18   | Found the +10 zealot's sword {holy, *Rage rN+ EV+3}
 71393 | Zig:18   | Identified the +4 battleaxe of Woe {spect, rF++ Str+2 Dex-5
                  | Stlth+}
 71400 | Zig:19   | Entered Level 19 of a ziggurat
 71434 | Zig:19   | Identified the +4 kite shield of the Watchman {Will+ Str-4
                  | Dex+5 SInv}
 71453 | Zig:19   | Identified the ring "Yrghevonk" {Wiz rN+++ Dex+8 Stlth-}
 71458 | Zig:19   | Identified the +3 rapier "Grim Tooth" {vorpal, Int+4 Dex+5}
 71507 | Zig:20   | Entered Level 20 of a ziggurat
 71591 | Zig:20   | Identified the +7 morningstar of Waoptaps {vorpal, rElec
                  | Str-3 Dex+3}
 71610 | Zig:20   | Identified the +1 battleaxe "Meighirph" {vorpal, *Corrode
                  | rElec Will+++ Str+2}
 71612 | Zig:20   | Got the Catalogue of Harmful Changing
 71614 | Zig:20   | Identified the +0 scimitar of the Median {venom, rC+++
                  | Will- Dex-2 Stlth+}
 71616 | Zig:20   | Identified the ring of Oboazilup {rElec EV+4 Str+2 Int-3}
 71623 | Zig:20   | Identified the +2 robe of Munyqa {-Tele Str+2 Stlth+}
 71629 | Zig:21   | Entered Level 21 of a ziggurat
 71768 | Zig:21   | Identified the +8 dagger "Beetlebane" {vorpal, +Rage rF+
                  | rCorr Str-3}
 71780 | Zig:21   | Identified the ring "Viajebol" {rPois rF+++ MP+9 Str+6
                  | Int-2}
 71793 | Zig:21   | Identified the ring "Hasiapnegi" {rPois rF- rN+ rCorr
                  | Str+7}
 71803 | Zig:21   | Identified the +0 chain mail of the Will of the Gods {rCorr
                  | Str+5 Int-5 SInv}
 71808 | Zig:22   | Entered Level 22 of a ziggurat
 71956 | Zig:22   | Identified the +8 gold dragon scales "Hero's Friend" {rPois
                  | rF+ rC+ rN+ Str+3}
 71966 | Zig:22   | Identified the +5 dagger "Qapluth" {freeze, Fly rElec
                  | Will+++ Str-3}
 71995 | Zig:22   | Got the Compendium of Gliding Summoning
 71997 | Zig:22   | Identified the ring of Attitude {Ice Drain Will++ rCorr
                  | Str+2}
 72005 | Zig:23   | Entered Level 23 of a ziggurat
 72011 | Zig:23   | Noticed a royal mummy
 72015 | Zig:23   | Noticed a royal mummy
 72017 | Zig:23   | Noticed a royal mummy
 72018 | Zig:23   | Noticed a royal mummy
 72019 | Zig:23   | Noticed a royal mummy
 72020 | Zig:23   | Killed a royal mummy
 72021 | Zig:23   | Noticed a royal mummy
 72022 | Zig:23   | Killed a royal mummy
 72022 | Zig:23   | Noticed a royal mummy
 72023 | Zig:23   | Killed a royal mummy
 72023 | Zig:23   | Killed a royal mummy
 72024 | Zig:23   | Killed a royal mummy
 72025 | Zig:23   | Killed a royal mummy
 72026 | Zig:23   | Killed a royal mummy
 72033 | Zig:23   | Found the +5 robe of Misfortune {Contam Harm *Corrode Drain
                  | *Slow EV+5}
 72097 | Zig:23   | Identified the +10 battleaxe of Rotation {elec, Int+6 SInv}
 72108 | Zig:24   | Entered Level 24 of a ziggurat
 72123 | Zig:24   | Gained mutation: You frequently scream uncontrollably at
                  | your foes. [a shining eye]
 72186 | Zig:24   | Got the Volume of the Asp
 72205 | Zig:24   | Identified the amulet "Unusched" {Acrobat rElec rN+ Will-
                  | Stlth+}
 72220 | Zig:25   | Entered Level 25 of a ziggurat
 72255 | Zig:25   | Got the Reference Book on Conjuration
 72263 | Zig:25   | Identified the +8 flail of Cek Runk {flame, Str+2}
 72301 | Zig:25   | Learned a level 9 spell: Death's Door
 72302 | Zig:26   | Entered Level 26 of a ziggurat
 72373 | Zig:26   | Found the +3 sling "Punk" {acid, rCorr}
 72378 | Zig:26   | Identified the ring of the Hippo {Int+3 Dex+6 Slay+2}
 72385 | Zig:26   | Identified the +7 broad axe of Vila {vorpal, rC+ rCorr}
 72402 | Zig:26   | Identified the +0 pair of boots of Parts Unknown {rN+ Str+2
                  | Stlth+}
 72440 | Zig:26   | Identified the +6 hunting sling of Zefroj {freeze, Dex+2}
 72451 | Zig:27   | Entered Level 27 of a ziggurat
 72461 | Zig:27   | Noticed a royal mummy
 72461 | Zig:27   | Noticed a royal mummy
 72461 | Zig:27   | Noticed a royal mummy
 72461 | Zig:27   | Noticed a royal mummy
 72461 | Zig:27   | Noticed a royal mummy
 72461 | Zig:27   | Noticed a royal mummy
 72461 | Zig:27   | Noticed a royal mummy
 72461 | Zig:27   | Noticed a royal mummy
 72461 | Zig:27   | Noticed a royal mummy
 72461 | Zig:27   | Noticed a royal mummy
 72462 | Zig:27   | Killed a royal mummy
 72462 | Zig:27   | Noticed a royal mummy
 72463 | Zig:27   | Killed a royal mummy
 72463 | Zig:27   | Killed a royal mummy
 72463 | Zig:27   | Killed a royal mummy
 72463 | Zig:27   | Noticed a royal mummy
 72463 | Zig:27   | HP: 4/198 [royal mummy/divine providence (10)]
 72464 | Zig:27   | Killed from afar by a royal mummy

Illustrated notes

Levels and vault maps discovered:
D:1:      lemuel_arrival_lava_pool, layout_basic, minmay_misc_feat_chi
D:2:      cheibrodos_fertilizer, layout_basic,
          hellmonk_ecumenical_altar_slurped_away, minmay_bisected
D:3:      layout_basic, mainiacjoe_overflow_brackets, serial_corexii_hall,
          corexii_hall_statues_t, chequers_hall_statues_y,
          corexii_hall_statues_l, corexii_hall_statues_i,
          corexii_hall_statues_t, corexii_hall_statues_i, roderic_roman_lattice
D:4:      layout_basic, mainiacjoe_overflow_24_doors,
          minmay_temple_entry_stoned_glass, minmay_misc_feat_more_columns,
          dk_vineyard_1, grunt_ministairs_1, uniq_eustachio, uniq_edmund
D:5:      gammafunk_steamed_eel, layout_cave_pools, tso_oasis_becter,
          gammafunk_ghost_mausoleum, portal_sewer_entry_b
D:6:      layout_rooms, led_sif_pool, serial_bayou_lagoon_a
D:7:      layout_loops_corners, grunt_dithmenos_smoke,
          nicolae_ashenzari_panopticon, minmay_ruined_shrine
D:8:      layout_loops_ring
D:9:      layout_gridville, due_lair_maze_entry_diamond
D:10:     layout_long_grid, grunt_ministairs_8, minmay_misc_feat_encased
D:11:     layout_basic
D:12:     layout_cave_pods, minmay_orc_entry_temple_small,
          biasface_ghost_orc_armoury, minivault_15, mrwooster_statue_mirror
D:13:     layout_cave_pools, serial_shops, shop, uniq_snorg
D:14:     layout_cave_pods, hangedman_vaults_entry_quadrant_bands,
          minmay_crystal_room
D:15:     grunt_enter_depths_snipers, layout_long_grid, elyvilon_altar_4,
          nicolae_trove_entry_diagonal, lemuel_zombie_altar_yredelemnul
Temple:   regret_index_temple_sphere_string
Lair:1:   layout_cave_shapes, serial_bayou_shore_b
Lair:2:   layout_hall_layers, gammafunk_ghost_cemetery, grunt_megastairs_2
Lair:3:   layout_misc_corridors, minmay_snake_entry_guardpost_small,
          ebering_ghost_inner_flame, nicolae_volcano_entry_vermiform,
          serial_bayou, serial_bayou_pond_c, serial_bayou_shore_a,
          serial_bayou_lake_a, serial_bayou_shore_b, minivault_26
Lair:4:   layout_gridlike, elwin_shoals_entry_rocks, uniq_nessos, uniq_rupert,
          uniq_urug
Lair:5:   layout_cave_pods, minmay_slime_entry_oklob_open, grunt_megastairs_3
Lair:6:   hangedman_lair_in_review, layout_gridlike
Shoals:1: layout_shoals, uniq_donald
Shoals:2: layout_shoals, ebering_ghost_xom, lemuel_oklob_altar
Shoals:3: layout_shoals, uniq_kirke, uniq_bai_suzhen, uniq_ilsuiw
Shoals:4: shoals_end_hellmonk_storm_palace [storm_palace_center_square,
          storm_palace_corner_grid, storm_palace_corner_altar,
          storm_palace_corner_pillars, storm_palace_corner_altar]
Snake:1:  layout_rooms, nicolae_shop_clearance, uniq_frances
Snake:2:  layout_onion
Snake:3:  layout_basic, serial_shops,
          nicolae_shop_temple_entry_statues_fountains, minmay_shop_star,
          lemuel_fruit_tree, uniq_asterion, uniq_roxanne, uniq_aizul
Snake:4:  snake_pit, layout_cave_pods
Orc:1:    layout_caves, basic_altar, serial_shops, nicolae_square_shop
Orc:2:    st_orc_ogre_mass, layout_caves, portal_ice_cave_entry_pillars_2
Elf:1:    nicolae_elf_arrival_no_cutting_in_line, layout_geoelf_octagon,
          serial_shops, nicolae_shop_behind_doors, minmay_elf_sorcery,
          drop_trap, corexii_hall_statues_i
Elf:2:    nicolae_elf_blades_splatter_lattice
          [nicolae_blade_entry_crossed_weapons], layout_geoelf_grid,
          basic_altar, drop_trap, minmay_shop_grove
Elf:3:    grunt_elf_hall_asides, layout_geoelf_castle, ebering_ghost_xom
Vaults:1: v_alt_pattern_1, v_misc_30, v_misc_12, vaults_room_fancy_cross,
          grunt_vaults_swirl, v_pattern_2, nicolae_vaults_ring_of_whatevers,
          nicolae_vaults_border_crossing, layout_vaults_quadrants
Vaults:2: v_rooms_5, v_misc_28, minmay_crypt_entry_simple_box,
          hangedman_vaults_river_flow, hangedman_vaults_maws,
          dpeg_vaults_monster_row, nicolae_vaults_windows_and_doors_thing,
          nicolae_vaults_little_ls, layout_vaults_big_room
Vaults:3: ebering_vaults_ghost_disaster_area, v_misc_24,
          hangedman_vaults_stitches, ontoclasm_vaults_ring_square,
          ontoclasm_vaults_spin, hangedman_vaults_maws,
          hangedman_vaults_stretched_pinwheel, vaults_dpeg_spiral,
          vaults_room_pools, vaults_dpeg_hooks, ontoclasm_vaults_shout,
          hangedman_vaults_capsules, grunt_vaults_diagonal,
          nicolae_vaults_asterisk, layout_vaults_omnibox
Vaults:4: hangedman_vaults_nails, v_rooms_6, nicolae_vaults_network_quinsquares
          [nicolae_vaults_network_quincunx_subvault,
          nicolae_vaults_network_quincunx_subvault,
          nicolae_vaults_network_quincunx_subvault,
          nicolae_vaults_network_quincunx_subvault],
          vaults_standard_mumra_lines, nicolae_vaults_alarming,
          nicolae_vaults_disjoint_gnomons, ontoclasm_vaults_fault,
          ontoclasm_vaults_decontamination, st_octagons_1,
          layout_vaults_maze_bifur, uniq_frederick
Vaults:5: uniq_sojobo, uniq_mara, uniq_xtahua
Crypt:1:  layout_gridlike, grunt_crypt_arrival_webbed
Crypt:2:  layout_gridlike, uniq_boris, uniq_khufu
Crypt:3:  david_glass_crypt, layout_gridlike,
          nicolae_tomb_entry_unfolded_pyramid_diagonal
Depths:1: layout_cave_shapes, serial_shops, bzr_entry_road,
          hangedman_coc_ice_floe, minmay_misc_feat_four_crosses,
          minmay_misc_feat_cross, hangedman_blasphemy, uniq_saint_roka
Depths:2: impenetrable_vault, layout_basic, enter_ziggurat_d,
          lemuel_round_altar, grunt_hell_horde, roderic_three_in_a_row,
          hangedman_decor_lopped
Depths:3: grunt_twist_and_shout, layout_twisted_cross, abyss_entry_flame_altar,
          hellmouth_1, fiery_altar_vehumet, rand_demon_pan_entry_3,
          dispersion_dpeg, uniq_enchantress
Depths:4: hangedman_cross_veins, layout_long_grid, hell_entry,
          minmay_room_of_horrors, grunt_decor_mini_mirrors,
          minmay_misc_feat_doors, drop_trap, fedhas_altar_1,
          infiniplex_staircase_pool_2
Depths:5: lemuel_castle_with_subvaults [lemuel_castle_interior_original],
          layout_basic, minmay_tree_intersection, hangedman_geh_valley
Zig:27

Skill      XL: |  1  2  3  4  5  6  7  8  9 10 11 12 13 14 15 16 17 18 19 20 21 22 23 24 25 26 27 |
---------------+----------------------------------------------------------------------------------+-----
Earth Magic    | 4 5 6 7 8 9 10 11 12 13 14 15 16 17 19 21 22 | 22.0
Conjurations   | 1 2 3 4 5 6 7 8 9 10 11 12 13 14 15 16 17 20 | 20.0
Spellcasting   | 3 4 5 6 7 8 9 10 11 12 13 14 15 16 17 20 | 20.7
Maces & Flails | 1 2 3 4 6 7 8 9 10 11 12 13 14 15 16 | 16.0
Fighting       | 2 4 5 6 7 8 9 10 11 12 13 14 15 16 17 20 | 20.5
Armour         | 2 4 5 6 |  6.0
Dodging        | 2 3 4 5 6 7 8 9 10 11 12 13 14 15 | 15.0
Evocations     | 2 3 4 5 6 7 8 9 10 | 10.0
Fire Magic     | 2 5 7 9 10 11 12 15 16 18 21 | 21.3
Shields        | 3 4 |  4.0
Transmutations | 10 | 10.0
Necromancy     | 22 | 22.0
Stealth        | |  2.1

Action                   |  1- 3 |  4- 6 |  7- 9 | 10-12 | 13-15 | 16-18 | 19-21 | 22-24 | 25-27 || total
-------------------------+-------+-------+-------+-------+-------+-------+-------+-------+-------++-------
Melee: Unarmed           |    36 |       |       |       |       |       |       |       |       ||    36
       Dagger            |   114 |   111 |       |       |       |       |       |       |       ||   225
       Whip              |       |    38 |   196 |   173 |   364 |   941 |   687 |   353 |   862 ||  3614
       Headbutt          |       |       |       |       |    11 |       |       |       |       ||    11
       Morningstar       |       |       |       |       |       |       |       |       |    55 ||    55
Throw: Throwing net      |       |       |     2 |       |       |     1 |       |       |       ||     3
 Cast: Sandblast         |    18 |    20 |    29 |    66 |    34 |    29 |    13 |     1 |       ||   210
       Stone Arrow       |       |     3 |    41 |   127 |    57 |    24 |     1 |       |     4 ||   257
       Apportation       |       |       |       |     5 |       |       |       |       |       ||     5
       Bolt of Magma     |       |       |       |     4 |    57 |   132 |    24 |     1 |    16 ||   234
       Iron Shot         |       |       |       |       |    40 |   116 |    78 |    74 |   126 ||   434
       Lee's Rapid Decon |       |       |       |       |    13 |    24 |    18 |    41 |     3 ||    99
       Irradiate         |       |       |       |       |    27 |    54 |     9 |     1 |     3 ||    94
       Ignition          |       |       |       |       |       |    14 |   106 |    32 |    77 ||   229
       Shatter           |       |       |       |       |       |       |       |    67 |   209 ||   276
       Fire Storm        |       |       |       |       |       |       |       |       |    46 ||    46
       Lehudib's Crystal |       |       |       |       |       |       |       |       |    12 ||    12
       Necromutation     |       |       |       |       |       |       |       |       |     1 ||     1
 Abil: End Transformatio |       |       |       |       |       |       |       |       |     1 ||     1
Evoke: Wand              |       |     3 |     6 |    25 |    19 |    25 |     1 |     3 |     7 ||    89
       Box of beasts     |       |       |       |     1 |     2 |     1 |       |     1 |     4 ||     9
       Tin of tremorston |       |       |       |       |       |     3 |     3 |     2 |     5 ||    13
       Phantom mirror    |       |       |       |       |       |     1 |       |       |     1 ||     2
       Condenser vane    |       |       |       |       |       |       |       |     1 |     7 ||     8
  Use: Scroll            |       |       |    15 |    15 |    16 |     5 |     6 |     6 |    18 ||    81
       Potion            |       |       |     2 |     2 |    11 |     4 |     9 |     7 |    16 ||    51
 Stab: Sleeping          |     3 |     4 |     2 |       |     7 |     3 |     2 |     3 |     1 ||    25
       Distracted        |       |     1 |       |       |       |       |       |       |     2 ||     3
       Invisible         |       |       |       |       |       |     2 |       |       |       ||     2
Armor: Robe              |    64 |    64 |       |       |       |       |       |       |       ||   128
       Leather armour    |       |       |    69 |   139 |   233 |   536 |   411 |   238 |   274 ||  1900
       Acid dragon scale |       |       |       |       |       |       |       |       |   356 ||   356
Dodge: Dodged            |    97 |   101 |   189 |   252 |   442 |   852 |   423 |   214 |   872 ||  3442
Block: Buckler           |       |       |       |       |       |       |       |       |   287 ||   287

Table legend: (Time is in decaauts)
 A = Elapsed time spent in this place.
 B = Non-inter-level travel time spent in this place.
 C = Inter-level travel time spent in this place.
 D = Time resting spent in this place.
 E = Time spent auto-exploring this place.
 F = Levels seen in this place.
 G = Mean time per level.
                   A        B        C        D        E       F      G
               +--------+--------+--------+--------+--------+-----+--------+
         Total |  71038 |  66020 |   5018 |   9807 |  43100 |  79 |  899.2 |
       Dungeon |  19634 |  17957 |   1677 |   1645 |  13523 |  15 | 1308.9 |
        Temple |     20 |     10 |     10 |      0 |      5 |   1 |   20.0 |
          Lair |   8750 |   8274 |    476 |    985 |   6177 |   6 | 1458.3 |
        Shoals |   5928 |   5560 |    368 |   1108 |   3266 |   4 | 1482.0 |
     Snake Pit |   5058 |   4666 |    392 |    662 |   2867 |   4 | 1264.5 |
  Orcish Mines |   1357 |   1214 |    143 |    255 |    618 |   2 |  678.5 |
   Elven Halls |   4013 |   3697 |    316 |    342 |   2618 |   3 | 1337.7 |
        Vaults |   9718 |   8767 |    951 |   1333 |   5812 |   5 | 1943.6 |
         Crypt |   3182 |   2919 |    263 |    221 |   2050 |   3 | 1060.7 |
        Depths |   8025 |   7605 |    420 |    721 |   5408 |   5 | 1605.0 |
      Ziggurat |   2574 |   2574 |      0 |    945 |      0 |  27 |   95.3 |
        Bazaar |     45 |     45 |      0 |      0 |      7 |   1 |   45.0 |
         Trove |     45 |     45 |      0 |      0 |      0 |   1 |   45.0 |
      Ice Cave |   1958 |   1958 |      0 |   1058 |    708 |   1 | 1958.0 |
       Volcano |    725 |    725 |      0 |    530 |     39 |   1 |  725.0 |
               +--------+--------+--------+--------+--------+-----+--------+

Top non-repeatable levels by time:
Vaults:4: 2619 daAuts
    D:12: 2462 daAuts
  Lair:3: 2299 daAuts
Vaults:2: 2026 daAuts
   IceCv: 1958 daAuts
    D:14: 1886 daAuts
Vaults:3: 1856 daAuts
 Snake:3: 1835 daAuts
Depths:2: 1824 daAuts
     D:2: 1811 daAuts
Depths:4: 1768 daAuts
  Lair:6: 1746 daAuts
Depths:5: 1701 daAuts
Vaults:1: 1686 daAuts
   Elf:3: 1638 daAuts
